 Dungeon Crawl Stone Soup version 0.26.1-15-g04117e645d (webtiles) character file.

Game seed: 6366022667790092804

974 Mork the Covert (level 7, -5/30 (32) HPs)
             Began as a Spriggan Enchanter on Aug 5, 2022.
             Was a Believer of Nemelex Xobeh.
             Killed from afar by an orc wizard (6 damage)
             ... with a magic dart
             ... on level 6 of the Dungeon.
             The game lasted 00:39:16 (7361 turns).

Mork the Covert (Spriggan Enchanter)                Turns: 7361, Time: 00:39:17

HP:   -5/30 (32)    AC:  3    Str:  5    XL:     7   Next: 95%
MP:   4/14          EV: 18    Int: 18    God:    Nemelex Xobeh [**....]
Gold: 383           SH:  0    Dex: 16    Spells: 2/14 levels left

rFire    . . .     SeeInvis +   a - +2 dagger (venom)
rCold    . . .     Faith    .   (shield restricted)
rNeg     . . .     Spirit   .   D - +0 robe (curse)
rPois    .         Reflect  .   (helmet restricted)
rElec    .         Harm     .   p - +0 cloak
rCorr    .         Rampage  .   (gloves unavailable)
Will     +....                  (boots unavailable)
Stlth    ++++++....             G - amulet of magic regeneration
HPRegen  0.10/turn              h - ring of stealth
MPRegen  0.39/turn              (no ring)

@: confusing touch, drained, very quick
A: very small, unfitting armour, see invisible, speed 3
a: Renounce Religion, Draw Escape, Draw Destruction, Draw Summoning


You were on level 6 of the Dungeon.
You worshipped Nemelex Xobeh.
Nemelex Xobeh was pleased with you.
You visited 1 branch of the dungeon, and saw 6 of its levels.
You also visited: Sewer.

You collected 383 gold pieces.

Inventory:

Hand Weapons
 a - a +2 dagger of venom (weapon)
 b - a +2 short sword of venom
 w - a +3 short sword
Missiles
 i - 120 stones
 l - 3 datura-tipped darts
 s - 27 poisoned darts
 t - 40 arrows
 v - 40 sling bullets
 F - 12 boomerangs
 I - 5 bolts
Armour
 p - a +0 cloak (worn)
 D - a cursed +0 robe (worn)
 J - a +1 cloak
Jewellery
 h - a ring of stealth (left hand)
 G - an amulet of magic regeneration (around neck)
Wands
 y - a wand of paralysis (12)
 E - a wand of random effects (24)
Scrolls
 d - 4 scrolls of teleportation {unknown}
 f - 2 scrolls of enchant armour {unknown}
 g - a scroll of noise {unknown}
 j - 7 scrolls of remove curse {unknown}
 k - 2 scrolls of magic mapping {unknown}
 m - 2 scrolls of fear {unknown}
 n - 4 scrolls of identify {unknown}
 o - 2 scrolls of enchant weapon {unknown}
 r - 4 scrolls of fog {unknown}
Potions
 c - a potion of degeneration {unknown}
 e - 3 potions of lignification {unknown}
 q - 3 potions of curing {unknown}
 u - a potion of cancellation {unknown}
 x - a potion of brilliance {unknown}
 z - 4 potions of heal wounds {unknown}
 A - 2 potions of flight {unknown}
 B - a potion of invisibility {unknown}
 C - a potion of haste {unknown}
 H - 2 potions of ambrosia {unknown}


   Skills:
 - Level 4.0 Short Blades
 - Level 3.0 Dodging
 * Level 10.2 Stealth
 - Level 4.0 Spellcasting
 + Level 6.7 Hexes
 + Level 2.1 Invocations


You had 2 spell levels left.
You knew the following spells:

 Your Spells              Type           Power        Failure   Level
a - Corona                Hex            30%          1%          1
b - Ensorcelled Hibernat  Hex/Ice        30%          5%          2
c - Confusing Touch       Hex            27%          2%          3
d - Tukima's Dance        Hex            27%          2%          3
e - Dazzling Flash        Conj/Hex       30%          11%         3

Your spell library contained the following spells:

 Spells                   Type           Power        Failure   Level
 Summon Small Mammal      Summ           12%          14%         1
 Call Imp                 Summ           3%           22%         2
 Summon Guardian Golem    Hex/Summ       15%          11%         3
 Call Canine Familiar     Summ           3%           41%         3
 Summon Ice Beast         Ice/Summ       3%           82%         4
 Summon Lightning Spire   Summ/Air       3%           82%         4


Dungeon Overview and Level Annotations

Branches:
Dungeon (6/15)              Sewer (visited)
 Temple: D:4-7

Altars:
Gozag
Nemelex Xobeh
Ru
Yredelemnul


Innate Abilities, Weirdness & Mutations

You are very small and have problems with some larger weapons.
You are too small for most types of armour.
You have supernaturally acute eyesight. (SInv)
You cover ground extremely quickly.


Message History

You feel drained.
* * * LOW HITPOINT WARNING * * *
The wight barely misses you.
The orc hits your -2 hand axe with a +0 hand axe.
Your +0 spear hits the wight from afar.
Your -2 hand axe hits the wight.
Your -2 hand axe barely misses the orc.
The orc hits your -2 hand axe with a +0 hand axe.
The orc closely misses you.
The orc wizard gestures wildly while chanting.
The orc wizard blinks!
The wight hits your +0 spear with a cursed +0 hand axe.
Your -2 hand axe hits the wight.
Your -2 hand axe hits the wight but does no damage.
Your -2 hand axe hits the orc but does no damage.
Your +0 spear hits the wight but does no damage.
The orc hits your -2 hand axe with a +0 hand axe.
The orc wizard gestures at you while chanting.
The magic dart hits you.
You die...
Your body glows slightly and disappears.

##.......##
#.........#
#..z......#
#..(......#
#.z(......#
#.zo......###..
#..<...........
#.o..)....###..
#...@.....#
#....)....#
#.........#
##........#
........###
......#......
........#....##
........#...#..
.[....... .$# .


You could see 3 wights, an orc wizard, an orc and 2 friendly dancing weapons.

Vanquished Creatures
  Sigmund (D:5)
  Menkaure (D:4)
  2 ogres
  2 big kobolds
  A howler monkey (D:5)
  A hound (D:6)
  3 orc priests (D:3)
  An iguana (D:5)
  Ijyb (D:4)
  A killer bee zombie (D:5)
  6 adders
  2 river rats (Sewer)
  An ufetubus (D:6)
  An ooze (D:1)
  A worm (D:2)
  10 leopard geckos
  14 orcs
  9 bats
  8 giant cockroaches
  6 goblins
  4 hobgoblins
  8 jackals
  11 kobolds
  3 quokkas
  A ball python (D:2)
  A jackal zombie (D:5)
  12 rats
112 creatures vanquished.

Vanquished Creatures (collateral kills)
  An orc (D:6)
1 creature vanquished.

Vanquished Creatures (others)
  A dancing weapon (D:5)
  A plant (D:5)
2 creatures vanquished.

Grand Total: 115 creatures vanquished

Notes
Turn   | Place    | Note
-------+----------+-------------------------------------------
     0 | D:1      | Mork the Spriggan Enchanter began the quest for the Orb.
     0 | D:1      | Reached XP level 1. HP: 9/9 MP: 5/5
   218 | D:1      | Reached XP level 2. HP: 13/13 MP: 5/7
   273 | D:1      | Reached skill level 5 in Stealth
   383 | D:1      | Learned a level 2 spell: Ensorcelled Hibernation
   962 | D:2      | Found an opulent altar of Gozag.
  1006 | D:2      | Reached XP level 3. HP: 16/16 MP: 8/8
  1887 | D:2      | Found a basalt altar of Yredelemnul.
  1887 | D:2      | Found a sparkling altar of Nemelex Xobeh.
  1896 | D:2      | Became a worshipper of Nemelex Xobeh the Trickster
  1980 | D:2      | Learned a level 3 spell: Confusing Touch
  2140 | D:2      | Reached skill level 6 in Stealth
  2234 | D:2      | Reached XP level 4. HP: 18/21 MP: 6/9
  2687 | D:3      | Found a sacrificial altar of Ru.
  2709 | D:3      | Reached * piety under Nemelex Xobeh
  2712 | D:3      | Found a glowing drain.
  2830 | Sewer    | Entered a sewer
  3045 | Sewer    | Learned a level 3 spell: Tukima's Dance
  3071 | Sewer    | Noticed a big kobold
  3095 | Sewer    | Killed a big kobold
  3096 | Sewer    | Reached skill level 7 in Stealth
  3096 | Sewer    | Reached XP level 5. HP: 24/24 MP: 9/11
  3133 | Sewer    | Received a gift from Nemelex Xobeh
  3138 | Sewer    | Found a white marble altar of Elyvilon.
  3926 | D:3      | Reached skill level 5 in Hexes
  3926 | D:3      | Reached XP level 6. HP: 25/28 MP: 5/12
  4193 | D:4      | Noticed Menkaure
  4205 | D:4      | Noticed Ijyb
  4213 | D:4      | Killed Ijyb
  4797 | D:4      | Reached skill level 8 in Stealth
  4814 | D:4      | Reached ** piety under Nemelex Xobeh
  4993 | D:4      | Killed Menkaure
  4994 | D:4      | Reached XP level 7. HP: 32/32 MP: 11/14
  5578 | D:5      | Entered Level 5 of the Dungeon
  5777 | D:5      | Learned a level 3 spell: Dazzling Flash
  5845 | D:5      | Noticed Sigmund
  6727 | D:5      | Reached skill level 9 in Stealth
  6794 | D:5      | Killed Sigmund
  6795 | D:5      | Reached skill level 1 in Invocations
  7095 | D:6      | Received a gift from Nemelex Xobeh
  7097 | D:6      | Reached skill level 10 in Stealth
  7351 | D:6      | HP: 1/30 [wight (1)]
  7361 | D:6      | Killed from afar by an orc wizard

Illustrated notes

Levels and vault maps discovered:
D:1:      dpeg_arrival_line_fractal, layout_basic
D:2:      minmay_inner_zag, layout_basic, gammafunk_temple_overflow_elements,
          nicolae_gozag_seed_capital
D:3:      layout_rooms, old_standard_altar, portal_sewer_entry_f
D:4:      layout_layer_cave, uniq_ijyb, uniq_menkaure
D:5:      layout_basic, serial_rivers, chequers_serial_rivers_small_b,
          chequers_serial_rivers_small_a, chequers_serial_rivers_room_b,
          chequers_serial_rivers_room_a, chequers_serial_rivers_room_b,
          serial_bayou_pond_d, uniq_sigmund
D:6:      layout_rooms, nicolae_overflow_crystal_walls, tso_oasis_becter,
          minmay_temple_entry_mini_moons

Skill      XL: |  1  2  3  4  5  6  7 |
---------------+----------------------+-----
Spellcasting   | 3 4 |  4.0
Stealth        | 5 6 7 8 10 | 10.2
Hexes          | 4 5 6 |  6.7
Short Blades   | 2 3 4 |  4.0
Invocations    | 2 |  2.1
Dodging        | |  3.0

Action                   |  1- 3 |  4- 6 |  7- 9 || total
-------------------------+-------+-------+-------++-------
Melee: Dagger            |    63 |   146 |    47 ||   256
       Short sword       |    24 |     4 |       ||    28
Throw: Dart              |       |    10 |     2 ||    12
 Cast: Corona            |     4 |       |       ||     4
       Ensorcelled Hiber |     6 |    12 |     4 ||    22
       Confusing Touch   |       |     2 |     5 ||     7
       Tukima's Dance    |       |       |     6 ||     6
 Stab: Sleeping          |    21 |    15 |    16 ||    52
       Distracted        |       |     2 |       ||     2
       Confused          |       |     1 |     1 ||     2
Armor: Robe              |     6 |    10 |     4 ||    20
Dodge: Dodged            |    50 |   102 |    33 ||   185
